 Dungeon Crawl Stone Soup version 0.23.2-33-g5129a83184 (webtiles) character file.

Game seed: 956532011991507449

77 Acheron the Magician (level 3, -2/30 HPs)
             Began as a Demigod Wanderer on July 14, 2019.
             Slain by an orc
             ... wielding a +0 trident
              (5 damage)
             ... on level 3 of the Dungeon.
             The game lasted 00:09:37 (2196 turns).

Acheron the Magician (Demigod Wanderer)             Turns: 2196, Time: 00:09:37

Health: -2/30      AC:  6    Str: 22    XL:     3   Next: 91%
Magic:  10/10      EV: 11    Int: 16    God:
Gold:   59         SH:  6    Dex: 15    Spells: 8/8 levels left

rFire    . . .     SeeInvis .   a - +3 spear
rCold    . . .     Gourm    .   c - +2 buckler
rNeg     . . .     Faith    .   h - +0 ring mail
rPois    .         Spirit   .   q - +0 helmet
rElec    .         Reflect  .   (no cloak)
rCorr    .         Harm     .   (no gloves)
MR       .....                  (no boots)
Stlth    +.........             (no amulet)
HPRegen  0.10/turn              (no ring)
MPRegen  0.12/turn              (no ring)

@: mighty
A: high mp 1
a: no special abilities


You were on level 3 of the Dungeon.
You were not hungry.

You visited 1 branch of the dungeon, and saw 4 of its levels.

You collected 59 gold pieces.

Inventory:

Hand Weapons
 a - a +3 spear (weapon)
 s - a +1 dire flail of protection
Missiles
 o - 22 sling bullets
 p - 82 stones (quivered)
Armour
 c - a +2 buckler (worn)
 h - a +0 ring mail (worn)
 q - a +0 helmet (worn)
Jewellery
 d - an uncursed ring of stealth {unknown}
Wands
 j - a wand of scattershot (5)
Scrolls
 l - a scroll of identify
 n - a scroll of teleportation
 r - a scroll of remove curse
Potions
 b - 3 potions of curing
 e - a potion of berserk rage {unknown}
 g - a potion of invisibility {unknown}
 k - a potion of might
 m - a potion of heal wounds {unknown}
Comestibles
 f - 3 rations
 i - 3 chunks of flesh


   Skills:
 * Level 2.4 Fighting
 * Level 2.0 Polearms
 * Level 0.1 Armour
 * Level 2.1 Dodging
 * Level 1.1 Stealth
 * Level 1.3 Shields
 * Level 3.1 Spellcasting
 * Level 1.0 Evocations


You had 8 spell levels left.
You didn't know any spells.
Your spell library was empty.

Dungeon Overview and Level Annotations

Branches:
Dungeon (4/15)
 Temple: D:4-7

Annotations:
D:2 exclusion: downstairs


Innate Abilities, Weirdness & Mutations

You have an increased reservoir of magic. (+10% MP)


Message History

You block the orc wizard's attack.
The orc wizard hits you but does no damage.
You feel yourself speed up. The orc wizard barely misses you.
The leopard gecko closely misses you.
A goblin, an orc, an orc priest and an orc wizard come into view.
The goblin shouts!
The orc priest shouts!
The orc wizard shouts!
The orc priest looks encouraged for a moment.
The orc wizard hits you but does no damage.
You closely miss the orc wizard. You block the leopard gecko's attack.
The orc wizard hits you but does no damage.
The orc wizard points at you and mumbles some strange words.
The puff of frost hits you!
* * * LOW HITPOINT WARNING * * *
The orc hits you from afar with a +0 trident.
* * * LOW HITPOINT WARNING * * *
You feel very mighty all of a sudden. The orc wizard completely misses you.
The leopard gecko barely misses you. You block the orc wizard's attack.
The orc hits you from afar with a +0 trident.
You die...

##### ##...# ..
########....# #...# ###
............# #...## #..
#...........##
#....###.######?#####......#
#.........oo..........####>#
#........#.rl...####### #.#
#.o..##..ggco@o# #.###
####.......o#####.# #...#
oc((...##..## o.# ###.#
g.####o##.## #.o# #.# ###
#.#..# #.# #.# # #...## g.
#.# # #..### .# #.. # #...
.# .## ##. # #.#. ....##..


You could see a centaur, an orc priest, 2 orc wizards, 2 gnolls, 4 orcs, a
leopard gecko, a goblin and a rat.

Vanquished Creatures
  3 adders (D:2)
  An ooze (D:2)
  2 giant cockroaches (D:2)
  7 hobgoblins
  3 jackals (D:1)
  A ball python (D:1)
  6 bats
  7 frilled lizards
  7 goblins
  4 kobolds
  3 rats
44 creatures vanquished.

Notes
Turn   | Place    | Note
-------+----------+-------------------------------------------
     0 | D:1      | Acheron the Demigod Wanderer began the quest for the Orb.
     0 | D:1      | Acheron set off with the following items: a +2 spear, a
                  | potion of curing, a +0 buckler, a +0 robe, a ration
     0 | D:1      | Reached XP level 1. HP: 17/17 MP: 6/6
   235 | D:1      | Reached XP level 2. HP: 20/24 MP: 8/8
   445 | D:2      | Reached skill level 3 in Spellcasting
   621 | D:2      | Reached XP level 3. HP: 21/29 MP: 10/10
   897 | D:2      | Reached skill level 1 in Stealth
  2174 | D:3      | Noticed a centaur
  2196 | D:3      | Slain by an orc

Skill      XL: |  1  2  3 |
---------------+----------+-----
Fighting       | 2 |  2.4
Dodging        | 2 |  2.1
Spellcasting   | 3 |  3.1
Stealth        | 1 |  1.1
Polearms       | 2 |  2.0
Armour         | |  0.1
Shields        | |  1.3
Evocations     | |  1.0

Action                   || total
-------------------------++-------
Melee: Spear             ||   156
  Use: Scroll            ||     9
       Potion            ||     1
  Eat: Chunk             ||     4
Armor: Robe              ||     4
       Ring mail         ||    53
Dodge: Dodged            ||    82
Block: Buckler           ||    36
